 Dungeon Crawl Stone Soup version 0.30-a0-458-g86641cc369 (webtiles) character file.

Game seed: 4517752738845261128

47004 cforsyth the Brawler (level 14, -19/144 HPs)
             Began as a Troll Fighter on Dec 15, 2022.
             Was the Champion of Wu Jian.
             Demolished by Saint Roka
             ... wielding a +0 great sword
              (33 damage)
             ... on level 2 of the Orcish Mines.
             The game lasted 00:51:22 (18496 turns).

cforsyth the Brawler (Troll Fighter)               Turns: 18496, Time: 00:51:23

Health: -19/144    AC: 15    Str: 27    XL:     14   Next: 6%
Magic:  13/13      EV: 14    Int:  8    God:    Wu Jian [******]
Gold:   2014       SH: 10    Dex:  9    Spells: 13/13 levels left

rFire   . . .      SeeInvis .      - Unarmed
rCold   . . .      Faith    .    b - +0 kite shield
rNeg    . . .      Spirit   .    w - +0 shadow dragon scales
rPois   .          Reflect  .    (helmet restricted)
rElec   .          Harm     .    N - +1 cloak
rCorr   .          Rampage  .    (gloves unavailable)
Will    +....                    (boots unavailable)
Stlth   ++........               (no amulet)
HPRegen 1.24/turn                n - +4 ring of evasion
MPRegen 0.13/turn                l - +4 ring of evasion

@: mighty, serpent's lash
A: large, unfitting armour, claws 3, regeneration 1, shaggy fur 1, tough skin 1
a: Renounce Religion, Wall Jump, Serpent's Lash, Heavenly Storm


You were on level 2 of the Orcish Mines.
You worshipped Wu Jian.
Wu Jian was exalted by your worship.
You visited 3 branches of the dungeon, and saw 19 of its levels.
You also visited: Ossuary.

You collected 2492 gold pieces.
You spent 478 gold pieces at shops.

Inventory:

Armour
 b - a +0 kite shield (worn)
 w - +0 shadow dragon scales (worn)
 N - a +1 cloak (worn)
Jewellery
 l - a +4 ring of evasion (right claw)
 n - a +4 ring of evasion (left claw)
 p - a ring of protection from cold
 F - a ring of resist corrosion
 H - a ring of wizardry
 M - a +6 ring of intelligence
Wands
 t - a wand of flame (48)
 x - a wand of paralysis (7)
 y - a wand of mindburst (8)
 I - a wand of iceblast (7)
 L - a wand of digging (8)
 P - a wand of polymorph (7)
Scrolls
 a - 2 scrolls of blinking
 d - 4 scrolls of magic mapping
 g - 2 scrolls of amnesia
 i - a scroll of silence
 j - 5 scrolls of fear
 o - 11 scrolls of teleportation
 r - a scroll of summoning
 s - 3 scrolls of fog
 u - 2 scrolls of enchant armour
 v - 2 scrolls of poison
 B - a scroll of brand weapon
 D - 2 scrolls of immolation
 J - a scroll of identify
 O - a scroll of vulnerability
Potions
 c - 6 potions of might
 e - 5 potions of flight
 f - 2 potions of ambrosia
 h - 2 potions of attraction
 k - 2 potions of heal wounds
 m - 2 potions of invisibility
 q - 3 potions of brilliance
 z - 3 potions of curing
 A - 3 potions of lignification
 C - 2 potions of berserk rage
 E - a potion of resistance
 G - 2 potions of haste
 K - a potion of magic


   Skills:
 + Level 10.7 Fighting
 + Level 6.1 Dodging
 + Level 11.6 Shields
 * Level 16.6 Unarmed Combat


You had 13 spell levels left.
You didn't know any spells.
Your spell library contained the following spells:

 Spells                   Type           Power      Damage    Failure   Level
 Apportation              Tloc           0%         N/A       99%         1
 Freeze                   Ice            0%         1d3       99%         1
 Necrotise                Necr           0%         1d4       99%         1
 Summon Small Mammal      Summ           0%         N/A       99%         1
 Frozen Ramparts          Ice            0%         1d1       100%        3
 Gell's Gravitas          Tloc           0%         N/A       100%        3
 Hailstorm                Conj/Ice       0%         3d3       100%        3
 Inner Flame              Hex/Fire       0%         N/A       100%        3
 Teleport Other           Tloc           0%         N/A       100%        3
 Flame Wave               Conj/Fire      0%         2d4       100%        4
 Sticky Flame             Conj/Fire      0%         2d3       100%        4
 Iskenderun's Battlesphe  Conj           0%         2d6       100%        5
 Dispersal                Tloc           0%         N/A       100%        6
 Iron Shot                Conj/Erth      0%         9d1       100%        6
 Spellforged Servitor     Conj/Summ      0%         N/A       100%        7


Dungeon Overview and Level Annotations

Branches:
Dungeon (12/15)            Temple (0/1) D:7            Lair (5/5) D:8
 Shoals (0/4) Lair:2        Snake (0/4) Lair:3        Slime (0/5) Lair:5
    Orc (2/2) D:12        Ossuary (visited)
    Elf: Orc:2

Altars:
Ashenzari
Fedhas
Kikubaaqudgha
Makhleb
Nemelex Xobeh
Ru
Sif Muna
Wu Jian
Zin
The Shining One
Jiyva

Shops:
D:1 [   D:3 (   D:7 *   D:10 ??   Orc:1 *[[   Orc:2 (

Portals:
Abyss: D:11

Annotations:
D:7 2 transporters, HilariousDeathArtist's ghost, novice OpEE
D:11 2 transporters, qeuew's ghost, journeyman FoFi
Lair:2 1 runed translucent door, dr0g0th's ghost, journeyman AtFi
Orc:2 Saint Roka


Innate Abilities, Weirdness & Mutations

You are too large for most types of armour.
You have claws for hands.
Your natural rate of healing is unusually fast.
You are covered in fur. (AC +1)
You have tough skin. (AC +1)


Message History

You scratch Saint Roka.
Saint Roka is heavily wounded.
You block the warg's attack.
Saint Roka hits you with a +0 great sword.
You scratch Saint Roka but do no damage.
Saint Roka is heavily wounded.
The warg barely misses you.
You scratch Saint Roka.
Saint Roka is heavily wounded.
The warg closely misses you.
Saint Roka calls down the wrath of Beogh upon you.
Beogh smites you!
You barely miss Saint Roka.
Saint Roka is heavily wounded.
The warg bites you but does no damage.
Saint Roka hits you with a +0 great sword!
You feel very mighty all of a sudden. The warg bites you but does no damage.
Saint Roka hits you with a +0 great sword!!
* * * LOW HITPOINT WARNING * * *
You block the warg's attack.
You claw Saint Roka!
Saint Roka is severely wounded.
The warg bites you.
* * * LOW HITPOINT WARNING * * *
Saint Roka hits you with a +0 great sword!
* * * LOW HITPOINT WARNING * * *
You mangle Saint Roka!!
Saint Roka is severely wounded.
You block the warg's attack.
You mangle Saint Roka!!
Saint Roka is almost dead.
Saint Roka invokes the aid of Beogh against you.
Beogh smites you!
* * * LOW HITPOINT WARNING * * *
The warg closely misses you.
You barely miss Saint Roka.
Saint Roka is almost dead.
Saint Roka hits you with a +0 great sword!!
You die...

.)..# #....#####. .#.## ###
#....####.. ###.#####.####
##....<#... .#...#.#.....##
##......... ....#.........#####
#.......... ...###...⌠.⌠.###..#
##......... ..........∩.#####.###
##........
........#⌠.⌠###.<...### ####.....
......##..).#.##@.....# #.##.....
...##.#.)o)..#)ho....## ##.......
).).o....##.#..)))....# #.)......
........###.......#.).###))......
.......###.....#.###..)....####..
......#####....######......####..
.......##.......# #..........##..
........####....###.........##...
.......## #...........###...#...


You could see Saint Roka and a warg.

Vanquished Creatures
  2 hydras
  A centaur warrior (D:9)
  A boulder beetle (D:12)
  A two-headed ogre (D:10)
  A lindwurm (Lair:4)
  An orc knight (Orc:2)
  2 orc sorcerers (Orc:2)
  2 ugly things
  A cyclops (D:11)
  11 elephants
  A merfolk siren (Lair:2)
  2 black mambas
  11 cane toads
  17 komodo dragons
  Maggie (Lair:1)
  2 kobold demonologists
  3 rime drakes
  An unseen horror (D:10)
  5 trolls
  A merfolk (Lair:2)
  13 blink frogs
  2 shadows
  A wraith (D:12)
  32 yaks
  7 wyverns
  3 basilisks
  10 vampire mosquitoes
  3 steam dragons
  2 wargs
  6 nagas (Lair:3)
  3 acid dragons
  15 water moccasins
  4 swamp drakes
  A hell hound (Lair:5)
  Duvessa (D:5)
  3 sky beasts
  2 black bears
  7 ogres
  15 orc warriors
  10 centaurs
  38 wolves
  2 phantoms
  7 kobold brigands
  4 elf zombies (Ossuary)
  9 bullfrogs
  7 scorpions
  3 wights (D:7)
  Dowan (D:5)
  14 killer bees
  9 howler monkeys
  6 electric eels
  2 vampire bats (D:4)
  A centaur zombie (Ossuary)
  2 hounds (D:4)
  2 jellies (D:7)
  2 human zombies (Ossuary)
  13 orc priests
  An iron imp (D:7)
  4 hell rats (Lair:3)
  16 orc wizards
  12 iguanas
  2 hound zombies (Ossuary)
  3 mummies (Ossuary)
  3 gnolls (D:5)
  11 adders
  A shadow imp (D:5)
  2 white imps
  An ufetubus (D:5)
  3 adder zombies (Ossuary)
  3 worms (D:2)
  59 orcs
  3 bat skeletons (D:4)
  3 bat zombies (D:4)
  2 endoplasms
  A giant cockroach (D:2)
  6 goblins
  A hobgoblin (D:1)
  4 jackals (D:1)
  3 quokkas
  6 ball pythons
  7 bats
  7 frilled lizards
  4 gnoll zombies (Ossuary)
  3 goblin skeletons (D:7)
  3 goblin zombies (Ossuary)
  5 hobgoblin zombies
  2 jackal zombies (Ossuary)
  16 kobolds
  A kobold skeleton (D:7)
  3 kobold zombies (Ossuary)
  2 orc skeletons (D:7)
  2 orc zombies (D:7)
  4 quokka zombies (Ossuary)
  6 rats
  2 rat zombies (Ossuary)
546 creatures vanquished.

Vanquished Creatures (collateral kills)
  A two-headed ogre (D:10)
1 creature vanquished.

Vanquished Creatures (others)
  An orc wizard (D:11)
  2 bushes
  54 fungi
  107 plants
164 creatures vanquished.

Grand Total: 711 creatures vanquished

Notes
Turn   | Place    | Note
-------+----------+-------------------------------------------
     0 | D:1      | cforsyth the Troll Fighter began the quest for the Orb.
     0 | D:1      | Reached XP level 1. HP: 22/22 MP: 0/0
   199 | D:1      | Reached XP level 2. HP: 29/29 MP: 1/1
   518 | D:1      | Found Ymufikho's Armour Shop.
   767 | D:2      | Reached XP level 3. HP: 34/36 MP: 2/2
   831 | D:2      | Reached XP level 4. HP: 40/44 MP: 3/3
  1344 | D:3      | Found a glowing silver altar of Zin.
  1388 | D:3      | Found Piahafyi's Antique Weapon Boutique.
  1457 | D:3      | Reached skill level 3 in Unarmed Combat
  1582 | D:3      | Noticed an ogre
  1594 | D:3      | Killed an ogre
  1595 | D:3      | Reached XP level 5. HP: 50/53 MP: 4/4
  2145 | D:4      | Reached XP level 6. HP: 57/61 MP: 5/5
  2171 | D:4      | Found an ornate altar of the Wu Jian Council.
  2217 | D:4      | Became a worshipper of the Wu Jian Council
  2407 | D:4      | Reached skill level 4 in Unarmed Combat
  2506 | D:4      | Reached XP level 7. HP: 63/68 MP: 6/6
  2535 | D:4      | Found an ancient bone altar of Kikubaaqudgha.
  2860 | D:5      | Entered Level 5 of the Dungeon
  3067 | D:5      | Identified the +0 helmet of Dixkataza {rElec Str+2 Dex-3}
  3121 | D:5      | Reached * piety under Wu Jian
  3171 | D:5      | Reached skill level 5 in Unarmed Combat
  3171 | D:5      | Reached XP level 8. HP: 79/79 MP: 7/7
  3174 | D:5      | Noticed Dowan
  3176 | D:5      | Noticed Duvessa
  3182 | D:5      | Killed Dowan
  3183 | D:5      | Reached skill level 5 in Shields
  3187 | D:5      | Killed Duvessa
  3575 | D:6      | Reached skill level 5 in Fighting
  3575 | D:6      | Reached skill level 6 in Unarmed Combat
  3663 | D:6      | Found a sand-covered staircase.
  3668 | Ossuary  | Entered an ossuary
  3737 | Ossuary  | Reached ** piety under Wu Jian
  3850 | Ossuary  | Reached skill level 7 in Unarmed Combat
  3863 | Ossuary  | Reached XP level 9. HP: 77/88 MP: 8/8
  4252 | D:6      | Found a blossoming altar of Fedhas.
  4564 | D:7      | Reached skill level 8 in Unarmed Combat
  4753 | D:7      | Found Ixuuriub's General Store.
  4761 | D:7      | Bought a scroll of identify for 22 gold pieces
  4761 | D:7      | Bought a scroll of identify for 22 gold pieces
  4796 | D:7      | Found the +3 giant club "Skullcrusher" {speed, Str+7}
  4872 | D:7      | Found a staircase to the Ecumenical Temple.
  4920 | D:7      | Found a transporter.
  4920 | D:7      | Found a transporter.
  4923 | D:7      | Noticed HilariousDeathArtist's ghost (novice OpEE)
  4926 | D:7      | Noticed a boulder beetle
  4929 | D:7      | Noticed a troll
  5061 | D:7      | Reached skill level 9 in Unarmed Combat
  5118 | D:7      | Found a burning altar of Makhleb.
  5245 | D:7      | Reached *** piety under Wu Jian
  5249 | D:7      | Found a glowing golden altar of the Shining One.
  5425 | D:7      | Found a broken altar of Ashenzari.
  5495 | D:8      | Reached XP level 10. HP: 99/100 MP: 9/9
  5675 | D:8      | Reached skill level 10 in Unarmed Combat
  5907 | D:8      | Found a staircase to the Lair.
  6206 | D:8      | Found a sparkling altar of Nemelex Xobeh.
  6231 | D:8      | Found a shimmering blue altar of Sif Muna.
  6506 | D:8      | Reached skill level 11 in Unarmed Combat
  6522 | D:9      | Reached **** piety under Wu Jian
  6795 | D:9      | Found a sacrificial altar of Ru.
  7013 | D:9      | Noticed a centaur warrior
  7022 | D:9      | Killed a centaur warrior
  7023 | D:9      | Reached XP level 11. HP: 101/109 MP: 10/10
  7151 | D:10     | Entered Level 10 of the Dungeon
  7151 | D:10     | Noticed a two-headed ogre
  7158 | D:10     | Killed a two-headed ogre
  7173 | D:10     | Noticed a two-headed ogre
  7462 | D:10     | Killed a two-headed ogre
  7470 | D:10     | Identified the +9 trident of the Foremost Lovers {venom,
                  | Dex+6}
  7565 | D:10     | Found Hoeres's Magic Scroll Boutique.
  7573 | D:10     | Bought a scroll of blinking for 112 gold pieces
  7573 | D:10     | Bought a scroll of magic mapping for 112 gold pieces
  7573 | D:10     | Bought a scroll of identify for 30 gold pieces
  7573 | D:10     | Bought a scroll of identify for 30 gold pieces
  7738 | D:10     | Reached skill level 12 in Unarmed Combat
  7793 | D:10     | Found Nytiarep's Magic Scroll Emporium.
  7805 | D:10     | Bought a scroll of identify for 30 gold pieces
  7805 | D:10     | Bought a scroll of identify for 30 gold pieces
  7805 | D:10     | Bought 3 scrolls of identify for 90 gold pieces
  7806 | D:10     | Identified a scroll of acquirement
  8126 | D:11     | Found a transporter.
  8132 | D:11     | Found a transporter.
  8132 | D:11     | Noticed a skeletal warrior
  8264 | D:11     | You fall into a shaft and drop 1 floor!
  8272 | D:12     | Noticed a sun demon
  8277 | D:11     | Noticed a white ugly thing
  8389 | D:11     | Acquired 887 gold pieces
  8421 | D:12     | Noticed a boulder beetle
  8578 | D:11     | Killed a white ugly thing
  8593 | D:11     | Reached ***** piety under Wu Jian
  8688 | D:11     | Found a one-way gate to the infinite horrors of the Abyss.
  8688 | D:11     | Noticed qeuew's ghost (journeyman FoFi)
  8709 | D:11     | Noticed a thrashing horror
  8973 | D:12     | Reached skill level 13 in Unarmed Combat
  8983 | D:12     | HP: 3/113 [acid dragon/splash of acid (26)]
  9149 | D:12     | Killed a boulder beetle
  9216 | D:12     | Reached XP level 12. HP: 122/122 MP: 11/11
  9249 | D:12     | Found a staircase to the Orcish Mines.
  9983 | Lair:1   | Entered Level 1 of the Lair of Beasts
  9983 | Lair:1   | Noticed Maggie
 10023 | Lair:1   | Killed Maggie
 10966 | Lair:2   | Found a runed translucent door.
 10970 | Lair:2   | Noticed dr0g0th's ghost (journeyman AtFi)
 11061 | Lair:2   | Found a staircase to the Shoals.
 11103 | Lair:2   | Reached skill level 10 in Shields
 11168 | Lair:2   | Reached skill level 14 in Unarmed Combat
 12338 | Lair:4   | Reached skill level 15 in Unarmed Combat
 12522 | Lair:4   | Reached XP level 13. HP: 123/133 MP: 12/12
 12626 | Lair:3   | Reached skill level 10 in Fighting
 12868 | Lair:3   | Reached ****** piety under Wu Jian
 13058 | Lair:4   | Reached skill level 5 in Dodging
 13167 | Lair:3   | Found a staircase to the Snake Pit.
 13999 | Lair:5   | Entered Level 5 of the Lair of Beasts
 14647 | Lair:5   | Reached skill level 16 in Unarmed Combat
 15258 | Lair:5   | Found a staircase to the Slime Pits.
 15259 | Lair:5   | Found a viscous altar of Jiyva.
 16092 | Lair:5   | Noticed a fire dragon
 16274 | Orc:1    | Entered Level 1 of the Orcish Mines
 16396 | Orc:1    | Found Tiffer's Antique Armour Shoppe.
 16608 | Orc:1    | Found Xicauqof's General Store.
 16773 | Orc:1    | Found Yzaur's Antique Armour Shop.
 17133 | Orc:2    | Entered Level 2 of the Orcish Mines
 17304 | Orc:2    | Found Qorixzy's Weapon Boutique.
 17784 | Orc:2    | Reached XP level 14. HP: 144/144 MP: 13/13
 17845 | Orc:2    | Noticed Saint Roka
 18496 | Orc:2    | Demolished by Saint Roka

Illustrated notes

Levels and vault maps discovered:
D:1:      lightli_arrival_statue_moat, layout_loops_ring, serial_shops, shop
D:2:      layout_rooms
D:3:      layout_loops_corners, mainiacjoe_overflow_paths, serial_shops, shop
D:4:      layout_basic, kennysheep_vampire_church, mainiacjoe_overflow_catwalk
D:5:      layout_cave_pools, minivault_14, ebering_dispersal_statue_hall,
          uniq_duvessa
D:6:      layout_loops_ring, overflow_temple_1_default,
          nicolae_ossuary_entry_plus
D:7:      layout_loops_corners, nicolae_tso_besieged_by_evil,
          lemuel_crystal_altar, ashenzari_altar_1, minmay_temple_entry_poolview,
          serial_shops, shop, nzn_ghost_randoct, st_stairs_5
D:8:      layout_loops_ring, mainiacjoe_overflow_alcove_2,
          mainiacjoe_overflow_alcove_1, minmay_lair_entry_grove
D:9:      layout_basic, marbit_many_paths
D:10:     layout_basic, serial_shops, nicolae_stop_n_shop_2,
          nicolae_wooded_promenade
D:11:     layout_cave_pools, gammafunk_ghost_abyssal_escape, minmay_orc_keep
D:12:     layout_cave_pools
Lair:1:   statuecave_lemuel, layout_cave_pods, grunt_megastairs_2, uniq_maggie
Lair:2:   layout_gridlike, elwin_shoals_entry_rooms, gammafunk_ghost_grave,
          pond, grunt_megastairs_4
Lair:3:   layout_loops_ring, minmay_snake_entry_guardpost_medium,
          grunt_forest_large_clearings
Lair:4:   layout_cave_pods, serial_bayou_shore_b, lemuel_fruit_fields
Lair:5:   guppyfry_lair_end_dragon, layout_loops_ring,
          hangedman_lair_caniforms_friends, slime_entry_1
Orc:1:    layout_caves, serial_shops, shop,
          nicolae_shop_competitors_out_of_business, shop, basic_altar
Orc:2:    grunt_orc_cross, layout_diamond_mine, serial_shops, shop_fountains,
          shop, nicolae_shop_waterfront, nicolae_diamond_shop, shop

Skill      XL: |  1  2  3  4  5  6  7  8  9 10 11 12 13 |
---------------+----------------------------------------+-----
Shields        | 3 4 5 7 8 9 10 11 | 11.6
Dodging        | 3 4 6 |  6.1
Fighting       | 3 4 5 6 7 8 9 10 | 10.7
Unarmed Combat | 3 4 5 7 9 11 13 15 16 | 16.6

Action                   |  1- 3 |  4- 6 |  7- 9 | 10-12 | 13-15 || total
-------------------------+-------+-------+-------+-------+-------++-------
Melee: Unarmed           |   105 |   135 |   425 |   781 |   589 ||  2035
Invok: Lunge             |       |     4 |    26 |    40 |    40 ||   110
       Whirlwind         |       |       |     4 |   155 |   125 ||   284
       Serpent's Lash    |       |       |       |       |     1 ||     1
Evoke: Wand              |       |       |       |     5 |    14 ||    19
  Use: Scroll            |     1 |       |    10 |    17 |       ||    28
       Potion            |       |       |       |     4 |     1 ||     5
 Stab: Sleeping          |       |     1 |     6 |     8 |     1 ||    16
Armor: Robe              |    26 |    33 |    14 |       |       ||    73
       Shadow dragon sca |       |       |   136 |   268 |   148 ||   552
Dodge: Dodged            |    45 |    56 |   153 |   415 |   217 ||   886
Block: Kite shield       |    35 |    44 |   146 |   374 |   211 ||   810

Table legend: (Time is in decaauts)
 A = Elapsed time spent in this place.
 B = Non-inter-level travel time spent in this place.
 C = Inter-level travel time spent in this place.
 D = Time resting spent in this place.
 E = Time spent auto-exploring this place.
 F = Levels seen in this place.
 G = Mean time per level.
                   A        B        C        D        E       F      G
               +--------+--------+--------+--------+--------+-----+--------+
         Total |  18380 |  17736 |    644 |   2592 |   9779 |  20 |  919.0 |
       Dungeon |   9878 |   9442 |    436 |    924 |   6134 |  12 |  823.2 |
          Lair |   6100 |   5911 |    189 |   1082 |   2797 |   5 | 1220.0 |
  Orcish Mines |   2091 |   2073 |     18 |    586 |    713 |   2 | 1045.5 |
       Ossuary |    309 |    309 |      0 |      0 |    135 |   1 |  309.0 |
               +--------+--------+--------+--------+--------+-----+--------+

Top non-repeatable levels by time:
  Lair:4: 1666 daAuts
  Lair:5: 1600 daAuts
   Orc:2: 1349 daAuts
     D:8: 1077 daAuts
    D:12: 1014 daAuts
    D:11: 995 daAuts
  Lair:1: 975 daAuts
     D:7: 939 daAuts
  Lair:3: 934 daAuts
  Lair:2: 925 daAuts
     D:3: 915 daAuts
    D:10: 909 daAuts
     D:4: 827 daAuts
   Orc:1: 741 daAuts
     D:9: 706 daAuts
